Map: [TLMC15] Hardwire

Players

MaxPax

  • Race: Protoss Protoss

Dark - Winner!

  • Race: Zerg Zerg

Event: DreamHack SC2 Masters Last Chance 2022

VOD

Have the link to the VOD?

Description

Time

  • Played on: Jan. 13, 2022, 12:32 p.m.
  • Length: 26:31

All games in this series

Show
View Real Time Build Order
Export as new Build Order

MaxPax Protoss 

Build Orders: 1 Gate Expand, Oracle Opening, Carriers 

Get SALT Encoding   

  12  0:00  Probe  
  13  0:12  Probe  
  14  0:19  Pylon  
  14  0:24  Probe  
  15  0:37  Probe (Chrono Boost)  
  15  0:39  Gateway  
  16  0:46  Probe (Chrono Boost)  
  16  0:48  Assimilator  
  17  0:51  Probe (Chrono Boost)  
  18  1:03  Probe  
  19  1:15  Probe  
  20  1:26  Nexus  
  20  1:36  Cybernetics Core  
  20  1:39  Probe  
  21  1:45  Assimilator  
  21  1:51  Probe  
  22  1:54  Pylon  
  22  2:03  Probe (Chrono Boost)  
  23  2:13  Adept  
  26  2:15  Probe (Chrono Boost)  
  26  2:17  Stargate  
  26  2:23  Probe (Chrono Boost)  
  27  2:30  Probe  
  27  2:35  Warp Gate  
  28  2:38  Probe (Chrono Boost)  
  28  2:42  Adept  
  32  2:44  Probe (Chrono Boost)  
  32  2:50  Probe (Chrono Boost)  
  33  2:55  Void Ray (Chrono Boost)  
  35  2:58  Probe x2 (Chrono Boost)  
  35  3:05  Probe  
  39  3:06  Probe  
  39  3:11  Pylon  
  41  3:17  Probe  
  41  3:18  Probe  
  43  3:22  Gateway  
  43  3:28  Oracle (Chrono Boost)  
  43  3:29  Probe  
  43  3:30  Probe  
  49  3:41  Probe  
  49  3:42  Probe  
  49  3:47  Nexus  
  50  3:53  Probe  
  51  3:57  Probe  
  51  4:02  Pylon  
  50  4:05  Probe  
  50  4:09  Probe  
  52  4:10  Stargate  
  52  4:11  Assimilator  
  52  4:12  Assimilator  
  52  4:17  Probe  
  52  4:21  Probe, Forge  
  52  4:24  Pylon  
  54  4:29  Probe  
  54  4:31  Void Ray (Chrono Boost)  
  55  4:32  Protoss Air Weapons Level 1  
  55  4:34  Probe  
  56  4:41  Probe  
  61  4:46  Probe  
  61  4:49  Shield Battery  
  61  4:50  Adept  
  64  4:54  Probe (Chrono Boost)  
  64  4:58  Robotics Facility, Probe (Chrono Boost)  
  64  4:59  Void Ray  
  67  5:00  Probe (Chrono Boost)  
  67  5:05  Probe (Chrono Boost)  
  73  5:08  Probe (Chrono Boost)  
  73  5:09  Probe (Chrono Boost), Pylon  
  73  5:11  Probe (Chrono Boost)  
  73  5:13  Probe (Chrono Boost)  
  75  5:16  Void Ray, Probe  
  75  5:20  Assimilator, Probe  
  78  5:23  Assimilator  
  78  5:25  Probe  
  83  5:29  Probe  
  83  5:34  Photon Cannon  
  83  5:35  Probe  
  85  5:37  Probe  
  85  5:39  Pylon  
  90  5:43  Probe  
  90  5:46  Shield Battery  
  91  5:51  Probe  
  91  5:53  Probe  
  91  5:56  Probe  
  90  5:59  Pylon  
  90  6:07  Robotics Bay  
  90  6:10  Probe  
  90  6:11  Fleet Beacon  
  91  6:14  Stargate  
  91  6:24  Observer  
  91  6:31  Gateway  
  91  6:32  Gateway  
  91  6:35  Probe x3  
  91  6:37  Nexus, Pylon  
  94  6:47  Probe  
  94  6:53  Photon Cannon, Carrier x2 (Chrono Boost)  
  95  6:56  Carrier (Chrono Boost), Gateway  
  95  6:59  Probe  
  114  7:02  Probe  
  114  7:04  Photon Cannon, Gateway  
  114  7:07  Photon Cannon  
  115  7:09  Photon Cannon  
  115  7:10  Probe  
  115  7:11  Probe  
  117  7:17  Pylon  
  117  7:19  Shield Battery  
  117  7:29  Photon Cannon  
  117  7:32  Gateway  
  117  7:34  Disruptor  
  117  7:35  Probe x2  
  122  7:39  Void Ray x2 (Chrono Boost)  
  122  7:40  Flux Vanes  
  122  7:41  Protoss Air Weapons Level 2 (Chrono Boost)  
  122  7:47  Pylon  
  122  7:48  Observer  
  122  7:49  Assimilator  
  130  7:52  Void Ray (Chrono Boost)  
  130  7:53  Assimilator  
  130  7:57  Photon Cannon  
  134  7:59  Photon Cannon  
  134  8:02  Pylon  
  134  8:07  Shield Battery  
  134  8:09  Void Ray x2 (Chrono Boost)  
  134  8:10  Shield Battery  
  134  8:14  Probe x2  
  134  8:15  Probe  
  134  8:17  Observer, Protoss Ground Weapons Level 1 (Chrono Boost)  
  145  8:22  Twilight Council  
  145  8:27  Probe x2  
  145  8:29  Disruptor  
  145  8:31  Void Ray (Chrono Boost)  
  150  8:35  Gateway  
  150  8:38  Photon Cannon  
  154  8:42  Photon Cannon  
  154  8:46  Stalker  
  155  8:49  Pylon  
  155  9:01  Photon Cannon, Void Ray (Chrono Boost), Pylon x2  
  155  9:07  Stalker  
  155  9:08  Stalker  
  160  9:19  Void Ray (Chrono Boost)  
  160  9:22  Nexus  
  164  9:27  Pylon  
  164  9:28  Pylon  
  164  9:29  Charge (Chrono Boost)  
  164  9:32  Templar Archives  
  164  9:36  Void Ray (Chrono Boost)  
  164  9:37  Gateway  
  164  9:42  Void Ray (Chrono Boost)  
  164  9:49  Gateway  
  164  9:50  Gateway  
  152  9:55  Stalker  
  152  9:57  Stalker x4  
  142  10:03  Void Ray (Chrono Boost)  
  142  10:05  Void Ray (Chrono Boost)  
  144  10:14  Warp Prism  
  144  10:20  High Templar x2  
  150  10:24  Pylon  
  150  10:25  Archon  
  150  10:26  Void Ray  
  154  10:43  Zealot x7  
  154  10:47  Void Ray  
  164  10:55  Zealot, High Templar x2  
  164  10:56  Zealot  
  176  11:00  Archon  
  175  11:05  Void Ray x2 (Chrono Boost)  
  181  11:13  Zealot x3  
  181  11:16  Zealot x4  
  187  11:23  Void Ray (Chrono Boost)  
  183  11:26  Photon Cannon  
  181  11:38  Zealot x4, High Templar x2  
  181  11:39  Zealot x4  
  195  11:43  Archon  
  195  11:45  Observer  
  196  11:49  Probe x2  
  196  11:52  Photon Cannon  
  196  12:02  Zealot x2  
  200  12:10  Photon Cannon  
  200  12:13  Observer  
  199  12:17  Nexus  
  199  12:18  Pylon  
  199  12:21  Zealot  
  199  12:22  Protoss Air Weapons Level 3 (Chrono Boost)  
  177  12:38  Carrier (Chrono Boost)  
  162  12:47  High Templar x3  
  162  12:48  Carrier (Chrono Boost), Probe  
  165  12:55  Psionic Storm, Carrier (Chrono Boost)  
  161  13:03  Zealot x2  
  162  13:07  Photon Cannon  
  162  13:08  Photon Cannon  
  162  13:09  High Templar, Shield Battery  
  162  13:11  Observer  
  164  13:16  Shield Battery  
  164  13:17  Photon Cannon  
  164  13:19  Pylon  
  164  13:25  Carrier (Chrono Boost), Assimilator, Protoss Ground Weapons Level 2  
  164  13:26  Assimilator  
  164  13:29  Warp Prism (Chrono Boost)  
  172  13:39  Pylon  
  172  13:45  Tempest (Chrono Boost)  
  172  13:47  Tempest (Chrono Boost)  
  177  13:54  Zealot x2  
  181  13:56  High Templar x2  
  185  14:03  Archon, Disruptor  
  188  14:11  Pylon  
  188  14:20  Carrier (Chrono Boost)  
  192  14:25  Carrier (Chrono Boost)  
  192  14:26  Pylon  
  184  14:33  Zealot x6  
  184  14:36  Probe x2  
  191  14:44  Zealot x2  
  195  14:48  Zealot  
  200  15:12  Carrier (Chrono Boost)  
  200  15:15  Mothership (Chrono Boost)  
  190  15:29  Carrier (Chrono Boost)  
  190  15:33  High Templar x2  
  200  15:38  Pylon  
  200  15:40  Archon  
  199  15:45  Observer (Chrono Boost)  
  200  15:51  Pylon  
  197  16:07  Void Ray x2  
  197  16:08  Probe (Chrono Boost)  
  191  16:17  Dark Shrine  
  183  16:21  Photon Cannon  
  183  16:23  Photon Cannon, Carrier  
  191  16:26  Shield Battery  
  191  16:27  Photon Cannon  
  195  16:39  Photon Cannon, Disruptor  
  196  16:51  Zealot  
  198  16:57  Zealot  
  200  17:07  Gravitic Boosters (Chrono Boost)  
  200  17:15  Nexus  
  200  17:17  Pylon  
  200  17:18  Pylon  
  200  17:26  Observer  
  198  17:32  Dark Templar  
  197  17:45  Void Ray  
  197  17:59  Observer (Chrono Boost)  
  194  18:25  Mothership  
  194  18:27  Pylon  
  186  18:39  Void Ray x3  
  163  19:03  Zealot x4  
  163  19:04  Zealot  
  165  19:13  Void Ray x3 (Chrono Boost)  
  157  19:18  Observer  
  166  19:30  High Templar x10  
  166  19:31  High Templar  
  184  19:35  Archon x2  
  184  19:36  Archon x3  
  184  19:40  Void Ray x2 (Chrono Boost)  
  184  19:41  Void Ray (Chrono Boost)  
  172  20:02  Observer  
  172  20:04  Dark Templar  
  172  20:05  Zealot  
  175  20:09  Probe x2  
  127  20:45  Blink (Chrono Boost)  
  127  20:49  Void Ray (Chrono Boost)  
  90  20:51  Void Ray (Chrono Boost)  
  83  20:58  Void Ray (Chrono Boost)  
  83  21:00  Photon Cannon  
  83  21:01  Assimilator  
  83  21:02  Assimilator  
  83  21:07  Shield Battery  
  83  21:08  Photon Cannon, Zealot x5  
  93  21:15  Stalker x2  
  91  21:34  Void Ray (Chrono Boost)  
  87  21:46  Void Ray (Chrono Boost)  
  95  21:58  Zealot x5  
  101  22:06  High Templar  
  98  22:25  High Templar  
  98  22:26  Nexus  
  90  22:39  Zealot x4  
  94  22:49  High Templar  
  92  23:00  Photon Cannon, Shield Battery  
  92  23:25  Void Ray (Chrono Boost)  
  92  23:52  Void Ray (Chrono Boost)  
  94  24:06  Photon Cannon  
  94  24:12  Void Ray  
  98  24:34  Zealot x6  
  98  24:35  Zealot x2  
  98  24:38  Void Ray  
  118  24:59  Void Ray (Chrono Boost)  
  118  25:00  Pylon  
  108  25:15  Void Ray (Chrono Boost)  
  106  25:21  Nexus  
  106  25:23  Photon Cannon  
  106  25:24  Shield Battery  
  108  25:33  Zealot  
  110  25:40  Void Ray (Chrono Boost)  
  114  25:59  Assimilator  
  117  26:07  Zealot x8  
Show
View Real Time Build Order
Export as new Build Order

Dark Zerg - Winner!

Build Orders: Hatch First, Brood Lord Corruptor 

Get SALT Encoding   

  12  0:00  Drone  
  13  0:12  Overlord  
  13  0:17  Drone  
  14  0:30  Drone x2  
  14  0:34  Drone  
  17  0:53  Hatchery  
  17  0:56  Drone  
  17  0:58  Drone  
  18  1:12  Extractor  
  18  1:14  Spawning Pool  
  17  1:18  Drone  
  17  1:20  Drone  
  18  1:29  Drone  
  19  1:46  Drone  
  20  1:51  Hatchery  
  19  1:57  Drone  
  21  2:01  Zergling x2  
  21  2:04  Queen  
  23  2:09  Drone  
  23  2:14  Metabolic Boost  
  24  2:21  Drone  
  25  2:24  Overlord  
  25  2:28  Drone  
  26  2:33  Drone x2  
  28  2:42  Queen  
  30  2:47  Queen  
  32  2:51  Zergling x2  
  32  2:53  Drone  
  32  2:54  Zergling x2  
  32  2:57  Drone  
  36  3:06  Drone x2  
  37  3:13  Overlord  
  37  3:14  Queen  
  37  3:16  Overlord  
  37  3:19  Zergling x2  
  40  3:21  Drone  
  40  3:23  Drone  
  42  3:31  Queen  
  42  3:32  Drone x3  
  47  3:37  Drone x2  
  49  3:48  Zergling x4  
  51  3:49  Overlord  
  50  3:57  Overlord  
  50  3:59  Overlord  
  50  4:01  Spore Crawler  
  49  4:04  Queen, Spore Crawler  
  49  4:05  Overlord  
  49  4:08  Drone x3  
  49  4:09  Drone  
  53  4:12  Drone  
  53  4:13  Drone  
  53  4:14  Drone  
  56  4:18  Drone  
  56  4:22  Drone x2  
  56  4:23  Extractor  
  58  4:24  Lair  
  58  4:28  Drone  
  58  4:30  Drone  
  60  4:34  Drone x2  
  60  4:35  Drone x3  
  60  4:37  Drone  
  66  4:38  Drone  
  66  4:40  Drone  
  66  4:41  Drone  
  66  4:42  Drone  
  66  4:44  Drone  
  66  4:45  Drone  
  72  4:48  Drone  
  72  4:50  Extractor  
  72  4:51  Drone, Extractor  
  72  4:52  Drone  
  73  5:00  Drone  
  73  5:01  Drone, Evolution Chamber, Roach Warren  
  73  5:03  Drone  
  75  5:07  Drone x4  
  75  5:09  Drone x3  
  75  5:12  Overlord  
  81  5:16  Extractor  
  81  5:18  Extractor  
  79  5:23  Overlord  
  79  5:26  Spore Crawler  
  79  5:27  Drone x2  
  79  5:28  Drone  
  81  5:30  Spire  
  81  5:32  Hatchery  
  81  5:34  Queen  
  81  5:38  Drone  
  81  5:39  Drone  
  81  5:42  Drone x2  
  85  5:44  Zergling x8  
  85  5:45  Glial Reconstitution  
  85  5:48  Zerg Missile Weapons Level 1  
  89  5:56  Overlord x3  
  89  5:57  Drone  
  90  6:02  Overlord  
  90  6:05  Overlord  
  90  6:06  Drone x5  
  90  6:09  Queen  
  97  6:14  Queen  
  97  6:15  Drone x2  
  101  6:21  Overlord  
  101  6:22  Drone x2  
  101  6:23  Drone x2  
  103  6:39  Hatchery  
  102  6:45  Drone x2  
  102  6:46  Zerg Flyer Weapons Level 1  
  104  6:47  Extractor  
  104  6:48  Extractor  
  104  6:53  Corruptor x4  
  104  6:54  Corruptor x3  
  116  7:03  Corruptor x2  
  116  7:04  Corruptor  
  122  7:08  Corruptor x2  
  126  7:16  Drone x5  
  126  7:17  Drone x4  
  126  7:21  Corruptor x2  
  137  7:26  Spore Crawler  
  137  7:29  Corruptor x2  
  140  7:39  Overlord  
  140  7:41  Corruptor x3  
  146  7:44  Extractor  
  146  7:45  Zerg Missile Weapons Level 2  
  146  7:46  Extractor  
  146  7:48  Infestation Pit  
  143  7:53  Corruptor x2, Spore Crawler  
  146  7:59  Corruptor  
  146  8:02  Corruptor  
  148  8:10  Corruptor  
  148  8:11  Corruptor  
  152  8:18  Corruptor  
  152  8:19  Corruptor  
  156  8:21  Overlord x4  
  156  8:22  Overlord x2  
  156  8:28  Hive  
  156  8:30  Corruptor  
  158  8:36  Corruptor x2  
  162  8:42  Corruptor  
  162  8:43  Corruptor  
  166  8:55  Corruptor x3  
  170  9:08  Corruptor x3  
  172  9:15  Corruptor x2  
  168  9:21  Corruptor x2  
  168  9:23  Zergling x24  
  184  9:30  Corruptor x2  
  185  9:39  Corruptor  
  185  9:43  Corruptor  
  165  10:01  Greater Spire  
  165  10:03  Corruptor x6  
  167  10:07  Roach x4  
  167  10:08  Zergling x10  
  180  10:16  Roach x5  
  190  10:23  Roach  
  190  10:24  Roach x3  
  190  10:27  Zerg Missile Weapons Level 3  
  198  10:40  Roach  
  200  10:51  Adrenal Glands  
  194  11:09  Viper x2  
  193  11:15  Zerg Flyer Weapons Level 2  
  184  11:22  Roach x2  
  186  11:28  Spore Crawler  
  186  11:29  Spore Crawler  
  183  11:34  Brood Lord x7  
  195  11:46  Roach  
  195  11:47  Roach x2  
  199  11:51  Spore Crawler  
  199  11:52  Spine Crawler, Spore Crawler  
  199  11:54  Spine Crawler  
  195  11:56  Spine Crawler  
  195  11:58  Drone x6  
  195  11:59  Spine Crawler  
  199  12:06  Spine Crawler  
  199  12:07  Spine Crawler  
  197  12:09  Brood Lord  
  199  12:18  Roach x2  
  197  12:25  Roach  
  171  12:41  Roach x9  
  176  12:49  Drone x5  
  181  12:52  Viper x3  
  181  12:57  Drone x3  
  181  12:58  Drone x2  
  193  13:02  Brood Lord x3  
  199  13:10  Hatchery  
  198  13:13  Zerg Ground Armor Level 1  
  198  13:17  Spine Crawler  
  198  13:19  Pathogen Glands  
  197  13:23  Hatchery  
  196  13:28  Spire  
  196  13:32  Zerg Flyer Weapons Level 3  
  195  13:34  Corruptor x2  
  197  14:02  Overseer x3  
  197  14:03  Pneumatized Carapace  
  187  14:33  Infestor x4  
  187  14:35  Corruptor  
  187  14:36  Corruptor x4  
  195  14:42  Roach  
  195  14:43  Roach x2  
  195  14:45  Zerg Flyer Armor Level 1  
  197  14:50  Lair  
  196  14:55  Roach x3  
  196  14:57  Overlord x2  
  200  15:00  Overlord  
  198  15:14  Burrow  
  198  15:18  Drone x2  
  200  15:27  Hatchery  
  199  15:30  Drone  
  199  15:32  Overlord x2  
  200  15:35  Zerg Melee Weapons Level 1  
  200  15:39  Evolution Chamber  
  199  15:49  Spore Crawler  
  198  15:50  Hive  
  192  16:09  Roach x6  
  190  16:11  Drone x4  
  190  16:12  Drone x6  
  190  16:15  Extractor  
  190  16:18  Drone  
  200  16:25  Spore Crawler x2  
  198  16:26  Spore Crawler  
  198  16:27  Spore Crawler x3  
  198  16:29  Spore Crawler  
  193  16:33  Drone x6  
  193  16:34  Drone  
  198  16:42  Neural Parasite  
  198  16:44  Zerg Flyer Armor Level 2  
  198  16:50  Extractor  
  198  16:53  Spine Crawler, Spore Crawler  
  195  16:58  Drone x3  
  195  17:00  Spine Crawler x2, Zerg Ground Armor Level 2  
  196  17:02  Ultralisk Cavern  
  195  17:09  Spine Crawler  
  195  17:11  Overseer x4  
  195  17:12  Overlord x2  
  194  17:18  Drone x3  
  194  17:21  Spore Crawler  
  196  17:27  Spore Crawler x2  
  194  17:57  Chitinous Plating, Spore Crawler  
  194  17:58  Spore Crawler x3  
  188  17:59  Corruptor x7, Spore Crawler  
  188  18:05  Spore Crawler  
  194  18:11  Corruptor x4  
  193  18:52  Corruptor x7  
  193  18:53  Corruptor x9  
  187  19:01  Corruptor x6  
  193  19:16  Anabolic Synthesis  
  185  19:18  Corruptor x7  
  189  19:24  Corruptor x2  
  185  19:36  Corruptor x2  
  180  19:53  Viper x4  
  186  20:01  Ultralisk  
  192  20:07  Extractor  
  192  20:08  Extractor  
  192  20:13  Corruptor x4  
  194  20:27  Ultralisk  
  194  20:28  Ultralisk  
  198  20:35  Ultralisk  
  186  20:36  Zergling x2  
  184  20:49  Drone x8  
  178  20:52  Drone x4  
  182  20:59  Drone x3  
  185  21:05  Drone x4  
  185  21:06  Zergling x2  
  185  21:07  Zergling x4  
  190  21:31  Brood Lord  
  190  21:32  Brood Lord  
  194  21:33  Brood Lord  
  194  21:34  Brood Lord  
  194  21:35  Brood Lord  
  197  21:45  Extractor  
  197  21:46  Extractor  
  195  22:22  Zergling x14  
  200  22:25  Zerg Flyer Armor Level 3  
  200  22:41  Drone x15  
  197  23:05  Spore Crawler x3  
  195  23:06  Spore Crawler  
  195  23:12  Corruptor x3  
  199  23:22  Zerg Melee Weapons Level 2  
  199  23:23  Zerg Ground Armor Level 3  
  199  23:34  Spore Crawler x2  
  197  23:36  Spore Crawler  
  194  23:46  Infestor x3  
  200  23:50  Spore Crawler  
  200  23:51  Spore Crawler  
  195  24:05  Corruptor  
  195  24:06  Corruptor  
  197  24:17  Spore Crawler x2  
  197  24:18  Spore Crawler x3  
  197  24:19  Spore Crawler  
  191  24:26  Infestor x4  
  199  24:39  Zergling x2  
  199  24:40  Zergling x22  
  196  25:20  Viper  
  197  25:21  Infestor  
  199  25:29  Hatchery  
  188  25:56  Corruptor x6  

Tags
 
Add a new tag
Caveats
  • Supply blocks, unpowered buildings, or Contaminate may cause inaccurate times.
  • Supply counts are checked every 10 seconds.